 Dungeon Crawl Stone Soup version 0.19-a0-1185-gacb3972 (webtiles) character file.

113523 4thArraOfDagon the Grappler (level 16, -3/141 HPs)
             Began as a Troll Fire Elementalist on Aug 18, 2016.
             Was the Champion of Okawaru.
             Slain by a harpy simulacrum (6 damage)
             ... in an ice cave on Aug 19, 2016.
             The game lasted 01:29:19 (14709 turns).

4thArraOfDagon the Grappler (TrFE)                 Turns: 14709, Time: 01:29:20

Health: -3/141     AC:  8    Str: 25    XL:     16   Next: 14%
Magic:  19/25      EV: 11    Int: 23    God:    Okawaru [******]
Gold:   667        SH: 15    Dex: 10    Spells: 7 memorised, 13 levels left

rFire  x . .     SeeInvis .     v - +6 trident "Irihona" {pierce, Str+2 Int+3}
rCold  + . .     Gourm    +     y - +2 robe {Archmagi}
rNeg   + . .     Faith    .     m - +3 shield {rN+}
rPois  .         Spirit   .     (helmet restricted)
rElec  .         Dismiss  .     z - +0 cloak of Hopscotch {rCorr Str+3 Int+4}
rCorr  +         Reflect  .     (gloves unavailable)
MR     +....     Harm     .     (boots unavailable)
Stlth  +......... Clarity  +    x - amulet of regeneration Rnd*Tele +
                                P - ring of ice
                                Z - ring of wizardry

@: very slightly contaminated
A: unfitting armour, claws 3, horns 2, clarity, fast metabolism 3, gourmand,
regeneration 2, screaming 1, shaggy fur 1, teleportitis 1, tough skin 2
a: Heroism, Finesse, Renounce Religion


You were in an ice cave.
You worshipped Okawaru.
Okawaru was exalted by your worship.
You were not hungry.

You visited 4 branches of the dungeon, and saw 27 of its levels.
You also visited: Ice Cave and Volcano.

You collected 2231 gold pieces.
You spent 1564 gold pieces at shops.

Inventory:

Hand Weapons
 f - a +0 falchion of slicing
 v - the +6 trident "Irihona" (weapon) {pierce, Str+2 Int+3}
   (You found it on level 3 of the Lair of Beasts)

   It inflicts extra damage upon your enemies.
   It affects your strength (+2).
   It affects your intelligence (+3).
 O - a +0 blowgun
Missiles
 A - 2 throwing nets
 M - 7 curare-tipped needles
 R - 19 large rocks (quivered)
Armour
 m - a +3 shield of positive energy (worn)
 y - a +2 robe of the Archmagi (worn)
 z - the +0 cloak of Hopscotch (worn) {rCorr Str+3 Int+4}
   (You acquired it on level 1 of the Spider Nest)

   It affects your strength (+3).
   It affects your intelligence (+4).
   It protects you from acid and corrosion.
 C - a +3 large shield of resistance
Magical Staves
 k - an uncursed staff of conjuration {!a}
Jewellery
 b - the ring of Accord {rN+ Str+4}
   (You acquired it on level 2 of the Orcish Mines)

   [ring of positive energy]

   It affects your strength (+4).
   It protects you from negative energy.
 d - an uncursed ring of poison resistance
 l - an uncursed amulet of magic regeneration
 x - an amulet of regeneration (around neck)
 K - the amulet of the Air {Inacc +Fly rElec EV+5 RMsl}
   (You found it on level 6 of the Lair of Beasts)

   [amulet of inaccuracy]

   It reduces the accuracy of all your attacks.
   It affects your evasion (+5).
   It insulates you from electricity.
   It lets you fly.
   It protects you from missiles.
 P - a ring of ice (right claw)
 Q - an uncursed ring of fire
 U - an uncursed amulet of rage
 Z - a ring of wizardry (left claw)
Wands
 p - a wand of disintegration (18/24)
 t - a wand of iceblast (1/15)
 E - a wand of acid (4/15)
 L - a wand of confusion (18/48)
 N - a wand of enslavement (0/24)
 V - a wand of teleportation (3/9)
 W - a wand of paralysis (0/24)
 Y - a wand of acid (10/15)
Scrolls
 g - 8 scrolls of remove curse
 w - 3 scrolls of noise
 B - 4 scrolls of teleportation
 D - a scroll of recharging
 F - a scroll of immolation
 I - 7 scrolls of magic mapping
 J - 2 scrolls of fog
 S - a scroll of amnesia
Potions
 a - 2 potions of might
 e - 2 potions of ambrosia
 h - 2 potions of cancellation
 j - 5 potions of magic
 n - 3 potions of curing
 o - 2 potions of invisibility {unknown}
 q - a potion of berserk rage {unknown}
 r - a potion of resistance
 G - 3 potions of brilliance
 H - a potion of haste {unknown}
 T - a potion of flight
 X - a potion of agility {unknown}
Comestibles
 c - 12 bread rations
 i - 13 meat rations
 u - 8 royal jellies


   Skills:
 + Level 5.0 Fighting
 + Level 5.3 Dodging
 - Level 1.1 Stealth
 * Level 11.6 Shields
 - Level 14.0 Unarmed Combat
 - Level 7.0 Spellcasting
 - Level 0.6 Conjurations
 - Level 8.1 Transmutations
 - Level 2.1 Fire Magic
 - Level 9.9 Earth Magic
 - Level 8.5 Invocations


You had 13 spell levels left.
You knew the following spells:

 Your Spells              Type           Power        Failure   Level  Hunger
a - Flame Tongue          Conj/Fire      ###..        1%          1    None
b - Conjure Flame         Conj/Fire      ###.....     6%          3    None
c - Repel Missiles        Chrm/Air       ##....       6%          2    None
d - Swiftness             Chrm/Air       ##......     6%          2    None
e - Statue Form           Tmut/Erth      ######...    14%         6    ######.
f - Apportation           Tloc           ##........   4%          1    None
g - Animate Skeleton      Necr           N/A          4%          1    None


Dungeon Overview and Level Annotations

Branches:
Dungeon (15/15)            Temple (0/1) D:4            Lair (6/6) D:10
 Spider (4/4) Lair:4        Slime (0/5) Lair:5          Orc (2/2) D:9
    Elf (0/3) Orc:2
  Swamp: Lair:2-4    Shoals: Lair:2-4    Vaults: D:13-14     Depths: D:15

Altars:
Fedhas
Okawaru
Xom
Yredelemnul
Jiyva

Shops:
D:7 :   D:8 (   D:10 *   D:13 %   Orc:2 ?*}(

Portals:
Pandemonium: Orc:2

Annotations:
D:7 p0werm0de's ghost, novice DsWn
D:8 ximxim's ghost, novice HESk


Innate Abilities, Weirdness & Mutations

You are too large for most types of armour.
You have claws for hands.
Your metabolism is lightning-fast.
You like to eat raw meat.
You heal very quickly.
You are covered in fur. (AC +1)
You have very tough skin. (AC +2)
You have a pair of horns on your head.
You possess an exceptional clarity of mind.
You occasionally shout uncontrollably at your foes.
You are occasionally teleported next to monsters.


Message History

Unknown command.
Unknown command.
Okay, then.
Casting: Statue Form
Confirm with . or Enter, or press ? or * to list all spells.
You feel a surge of power!
You miscast Statue Form.
You are very lightly contaminated with residual magic.
Your body is twisted painfully.
* * * LOW HITPOINT WARNING * * *
The harpy simulacrum claws you!
* * * LOW HITPOINT WARNING * * *
The harpy simulacrum freezes you! You resist.
* * * LOW HITPOINT WARNING * * *
The harpy simulacrum closely misses you.
The harpy simulacrum claws you.
* * * LOW HITPOINT WARNING * * *
The harpy simulacrum freezes you. You resist.
* * * LOW HITPOINT WARNING * * *
The harpy simulacrum claws you.
You die...

..## .4# #.#
##.# #Z##
#.## #.Z#
##Z# ##@#
###.## ##.#.#
#....#
##.#.## ≈≈≈
#.###.#
≈#≈≈##.##..#
≈≈≈≈≈#..#.##
≈#≈≈≈##.##.##


You could see a seven-headed hydra simulacrum and 2 harpy simulacra.

Vanquished Creatures
  Frances (Spider:1)
  An orc warlord (Orc:1)
  3 entropy weavers
  Nessos (Lair:4)
  2 spark wasps
  The ghost of happinesssam the Fencer, a journeyman HESk of Okawaru (Lair:4)
  Fannar (D:11)
  Erolcha (D:11)
  2 hydras (Lair:4)
  2 catoblepae
  3 death yaks (Lair:6)
  3 centaur warriors
  A queen ant (Spider:2)
  A tengu warrior (D:15)
  A deep troll shaman (Lair:6)
  6 orc high priests (Orc:2)
  Nergalle (Lair:4)
  Sonja (D:11)
  A soul eater (Orc:2)
  A sun demon (Orc:2)
  A hell knight (Volcano)
  5 skeletal warriors (D:15)
  3 unseen horrors
  A putrid demonspawn (Orc:2)
  A lindwurm (Lair:6)
  2 torturous demonspawn (Orc:2)
  Pikel (D:5)
  5 hill giants
  5 orc knights
  8 orc sorcerers
  2 griffons
  12 wolf spiders
  2 deep elf magi
  4 hornets
  10 orb spiders
  7 cyclopes
  A manticore (D:13)
  A centaur zombie (D:13)
  2 moths of wrath
  A toenail golem (Volcano)
  9 elephants
  An ice statue (Spider:4)
  An orange demon (Orc:2)
  3 black mambas (Lair:6)
  2 gargoyles
  5 spiny frogs
  4 rime drakes (Lair:4)
  5 komodo dragons
  3 demonic crawlers
  2 ice devils (IceCv)
  4 yaktaurs (D:14)
  3 red devils (Volcano)
  3 freezing wraiths
  17 jumping spiders
  A queen bee (Orc:1)
  7 trolls
  Prince Ribbit (D:8)
  2 two-headed ogres
  A slime creature (Lair:5)
  21 tarantellas
  51 yaks
  29 redbacks
  5 wyverns
  A dire elephant simulacrum (IceCv)
  A steam dragon (D:11)
  2 wraiths
  5 basilisks
  2 hungry ghosts
  Grum (D:8)
  7 hippogriffs
  A chaos spawn (Orc:2)
  2 vampire mosquitoes (D:13)
  A neqoxec (Orc:2)
  A mottled dragon (D:14)
  23 soldier ants
  A soldier ant (shapeshifter) (D:12)
  3 water moccasins
  A hydra simulacrum (IceCv)
  5 porcupines
  5 hell hounds
  45 orc warriors
  A sky beast (D:9)
  3 black bears
  4 ice beasts
  3 slaves (D:5)
  2 eyes of draining
  A necrophage (D:13)
  2 phantoms
  A wasp (D:8)
  14 ogres
  10 wolves
  12 centaurs
  14 crocodiles
  5 big kobolds
  12 giant frogs
  A gnoll sergeant (D:5)
  A wyvern zombie (D:12)
  A wyvern skeleton (D:8)
  4 scorpions
  17 killer bees
  A water moccasin skeleton (D:8)
  A wight (D:10)
  An electric eel (Spider:2)
  A giant frog zombie (D:9)
  5 crimson imps
  2 draconian simulacra (IceCv)
  3 jellies
  29 orc priests
  2 giant frog skeletons
  6 hounds
  5 centaur skeletons
  24 orc wizards
  6 iguanas
  23 worker ants
  2 spriggan simulacra (IceCv)
  40 sheep
  A killer bee zombie (D:9)
  2 hound zombies
  2 hound skeletons
  3 gnolls
  A naga simulacrum (IceCv)
  9 adders
  38 river rats
  3 shadow imps
  3 white imps (IceCv)
  4 ufetubi (IceCv)
  2 oozes
  An adder skeleton (D:4)
  2 worms
  3 giant geckos
  88 orcs
  2 giant cockroaches
  7 goblins
  6 hobgoblins
  17 jackals
  45 kobolds
  4 quokkas
  6 bats
  2 giant newts
  A quokka skeleton (D:8)
  A quokka zombie (D:6)
  3 rats
910 creatures vanquished.

Vanquished Creatures (collateral kills)
  A hippogriff (Lair:4)
1 creature vanquished.

Vanquished Creatures (others)
  An orb spider (Spider:4)
  2 jumping spiders (Spider:4)
  A worker ant (Spider:2)
  A gnoll (D:5)
  A white imp (IceCv)
  An orc (D:11)
  A bush (Lair:6)
  5 fungi
  8 plants
21 creatures vanquished.

Grand Total: 932 creatures vanquished

Notes
Turn   | Place    | Note
-------+----------+-------------------------------------------
     0 | D:1      | 4thArraOfDagon the Troll Fire Elementalist began the quest for the Orb.
     0 | D:1      | Reached XP level 1. HP: 16/16 MP: 1/1
     0 | D:1      | fe?
   124 | D:1      | Reached skill level 1 in Unarmed Combat
   227 | D:1      | Reached XP level 2. HP: 24/24 MP: 2/2
   353 | D:3      | Noticed a crimson imp
   426 | D:3      | Killed a crimson imp
   426 | D:3      | Reached skill level 3 in Unarmed Combat
   426 | D:3      | Reached XP level 3. HP: 31/31 MP: 3/3
   551 | D:4      | Learned a level 3 spell: Conjure Flame
   562 | D:4      | Noticed a hungry ghost
   577 | D:5      | Entered Level 5 of the Dungeon
   588 | D:5      | Noticed a gnoll sergeant
   610 | D:5      | Reached XP level 4. HP: 36/39 MP: 4/4
   648 | D:5      | Noticed an ogre
   743 | D:5      | Reached skill level 4 in Unarmed Combat
   745 | D:5      | Found a shimmering altar of Xom.
   755 | D:5      | Noticed a slave
   756 | D:5      | Noticed a slave
   758 | D:5      | Noticed Pikel
   759 | D:5      | Noticed a slave
   902 | D:5      | Reached XP level 5. HP: 42/45 MP: 5/5
   928 | D:5      | Noticed a slave
   943 | D:5      | Reached skill level 5 in Unarmed Combat
   952 | D:5      | Killed a slave
  1020 | D:5      | Noticed a phantom
  1059 | D:5      | Killed a phantom
  1059 | D:5      | Reached skill level 6 in Unarmed Combat
  1059 | D:5      | Reached XP level 6. HP: 23/53 MP: 6/6
  1077 | D:6      | Found a basalt altar of Yredelemnul.
  1080 | D:6      | Noticed an orc warrior
  1174 | D:7      | Noticed p0werm0de's ghost (novice DsWn)
  1204 | D:6      | Found a blossoming altar of Fedhas.
  1262 | D:7      | Reached skill level 7 in Unarmed Combat
  1352 | D:7      | Reached XP level 7. HP: 56/59 MP: 7/7
  1495 | D:7      | Reached skill level 8 in Unarmed Combat
  1526 | D:7      | Found Poebav's Book Shoppe.
  1570 | D:7      | Ladykiller69: small warning for if you go chei
  1611 | D:7      | Found an iron altar of Okawaru.
  1619 | D:7      | 4thArraOfDagon: i go oka :(
  1619 | D:7      | Became a worshipper of Warmaster Okawaru
  1624 | D:7      | Ladykiller69: step from time doesnt protect from int drain by nexoquocs
  1952 | D:3      | Killed a hungry ghost
  2011 | D:3      | Ladykiller69: at this point in time anyway
  2014 | D:3      | Reached skill level 9 in Unarmed Combat
  2511 | D:4      | Reached * piety under Okawaru
  2511 | D:4      | Reached XP level 8. HP: 67/67 MP: 8/8
  2584 | D:4      | Ladykiller69: kinda funny how guardian spirit isnt even good on trolls eh
  2585 | D:4      | Found a staircase to the Ecumenical Temple.
  2824 | D:5      | Killed Pikel
  2824 | D:5      | Reached ** piety under Okawaru
  2824 | D:5      | Reached skill level 10 in Unarmed Combat
  3208 | D:7      | Reached XP level 9. HP: 73/74 MP: 10/10
  3240 | D:8      | Reached *** piety under Okawaru
  3241 | D:8      | Reached skill level 11 in Unarmed Combat
  3264 | D:8      | Found Mirukigg's Antique Weapon Shoppe.
  3447 | D:8      | Noticed Prince Ribbit
  3461 | D:8      | Killed Prince Ribbit
  3639 | D:8      | Noticed Grum
  3647 | D:8      | Reached skill level 5 in Invocations
  3655 | D:8      | Reached skill level 12 in Unarmed Combat
  3658 | D:8      | Reached **** piety under Okawaru
  3662 | D:8      | Killed Grum
  3776 | D:8      | Learned a level 2 spell: Repel Missiles
  3784 | D:8      | Learned a level 2 spell: Swiftness
  3836 | D:8      | Noticed ximxim's ghost (novice HESk)
  3862 | D:9      | Reached XP level 10. HP: 81/81 MP: 3/13
  3978 | D:9      | Found a staircase to the Orcish Mines.
  4184 | D:10     | Entered Level 10 of the Dungeon
  4229 | D:11     | Noticed Erolcha
  4229 | D:11     | Paralysed by Erolcha for 6 turns
  4245 | D:11     | Noticed a hill giant
  4397 | D:10     | Found Korhaelu's General Store.
  4400 | D:10     | Bought a scroll of magic mapping for 42 gold pieces
  4427 | D:10     | Reached skill level 13 in Unarmed Combat
  4452 | D:10     | Reached ***** piety under Okawaru
  4484 | D:10     | Found a staircase to the Lair.
  4528 | D:10     | Noticed a gargoyle
  4546 | D:10     | Killed a gargoyle
  4678 | D:10     | Reached skill level 14 in Unarmed Combat
  4853 | D:10     | Noticed a hill giant
  4864 | D:10     | Killed a hill giant
  4864 | D:10     | Reached XP level 11. HP: 88/88 MP: 13/15
  5002 | D:10     | Received a gift from Okawaru
  5175 | D:11     | Reached skill level 1 in Shields
  5229 | D:11     | Noticed Sonja
  5242 | D:11     | Killed Sonja
  5288 | D:11     | Noticed Fannar
  5299 | D:11     | Noticed a hill giant
  5356 | D:11     | Killed a hill giant
  5379 | D:11     | Killed Erolcha
  5389 | D:11     | Killed Fannar
  5389 | D:11     | Reached skill level 5 in Shields
  5438 | D:11     | Noticed a six-headed hydra
  5656 | D:11     | Killed a hill giant
  5670 | D:11     | Noticed a griffon
  5680 | D:11     | Killed a griffon
  6243 | D:12     | Reached XP level 12. HP: 90/96 MP: 15/17
  6476 | D:12     | Received a gift from Okawaru
  6758 | D:13     | Found Baetiam's Food Boutique.
  6895 | D:13     | Reached skill level 10 in Shields
  7109 | D:14     | Reached ****** piety under Okawaru
  7415 | D:14     | Received a gift from Okawaru
  7416 | D:14     | Got a crude robe {god gift}
  7427 | D:14     | Identified the +1 robe of the Bulwark {-Tele Dex+2 Stlth+} (Okawaru gifted it to you on level 14 of the Dungeon)
  7498 | D:14     | Noticed a centaur warrior
  7508 | D:14     | Killed a centaur warrior
  7528 | D:14     | Reached XP level 13. HP: 75/101 MP: 13/18
  7634 | D:15     | Entered Level 15 of the Dungeon
  7641 | D:15     | Reached skill level 5 in Spellcasting
  8202 | D:15     | hmm
  8812 | D:7      | Bought a book of Transfigurations for 660 gold pieces
  8819 | D:7      | Learned a level 6 spell: Statue Form
  8983 | Orc:1    | Entered Level 1 of the Orcish Mines
  9001 | Orc:1    | Reached skill level 1 in Transmutations
  9012 | Orc:1    | Reached skill level 1 in Earth Magic
  9082 | Orc:1    | pedritolo: I think you need more large rocks
  9099 | Orc:1    | Found a shimmering altar of Xom.
  9167 | Orc:1    | pedritolo: Then you could build a castle! Who cares about the orb anyway?
  9212 | Orc:1    | Noticed an orc warlord
  9251 | Orc:1    | Killed an orc warlord
  9380 | Orc:1    | 4thArraOfDagon: o hi
  9380 | Orc:1    | 4thArraOfDagon: yeah I thin
  9380 | Orc:1    | pedritolo: hia
  9380 | Orc:1    | 4thArraOfDagon: CASTLE is the key
  9380 | Orc:1    | 4thArraOfDagon: i have already build one
  9380 | Orc:1    | 4thArraOfDagon: in my porcelain kingdom
  9525 | Orc:1    | pedritolo: 34, that's good. But you need a lot more.
  9602 | Orc:2    | Entered Level 2 of the Orcish Mines
  9615 | Orc:1    | Received a gift from Okawaru
  9749 | Orc:2    | 4thArraOfDagon: need MOAR
  9914 | Orc:2    | Found Atzingut's Magic Scroll Boutique.
  9996 | Orc:2    | Found Niommoj's General Store.
 10166 | Orc:2    | Reached XP level 14. HP: 99/109 MP: 23/23
 10197 | Orc:2    | Reached skill level 5 in Earth Magic
 10464 | Orc:2    | Reached skill level 5 in Transmutations
 10516 | Orc:2    | Paralysed by an orc sorcerer for 6 turns
 10553 | Orc:2    | Found Tuor's Gadget Emporium.
 10553 | Orc:2    | Found a one-way gate leading to the halls of Pandemonium.
 10553 | Orc:2    | Found Noxezed's Antique Weapon Shoppe.
 10621 | Orc:2    | durraq: time for demonic runes!
 10742 | Orc:2    | Found a staircase to the Elven Halls.
 10854 | Orc:2    | Bought a scroll of acquirement for 832 gold pieces
 10856 | Orc:2    | Got a scintillating steel ring
 10859 | Orc:2    | Bought a scroll of identify for 30 gold pieces
 10859 | Orc:2    | Identified the ring of Accord {rN+ Str+4} (You acquired it on level 2 of the Orcish Mines)
 11037 | Lair:1   | Entered Level 1 of the Lair of Beasts
 11251 | Lair:4   | Noticed happinesssam's ghost (journeyman HESk)
 11473 | Lair:3   | Got a brightly glowing trident
 11665 | Lair:5   | Found a dark tunnel.
 11671 | Volcano  | Entered a volcano
 11811 | Volcano  | pedritolo: they've grown smarter
 11870 | Volcano  | Identified the +6 trident "Irihona" {pierce, Str+2 Int+3} (You found it on level 3 of the Lair of Beasts)
 11925 | Lair:5   | Gained mutation: You occasionally shout uncontrollably at your foes. [potion of mutation]
 11925 | Lair:5   | Gained mutation: You are occasionally teleported next to monsters. [potion of mutation]
 11925 | Lair:5   | Gained mutation: You have a pair of small horns on your head. [potion of mutation]
 11926 | Lair:5   | Gained mutation: You possess an exceptional clarity of mind. [potion of mutation]
 11926 | Lair:5   | Gained mutation: You have a pair of horns on your head. [potion of mutation]
 12005 | Lair:4   | Found a hole to the Spider Nest.
 12106 | Lair:6   | Entered Level 6 of the Lair of Beasts
 12382 | Lair:6   | Identified the Catalogue of Reason
 12402 | Lair:6   | Learned a level 1 spell: Apportation
 12404 | Lair:6   | Learned a level 1 spell: Animate Skeleton
 12815 | Lair:5   | Found a viscous altar of Jiyva.
 12816 | Lair:5   | Found a staircase to the Slime Pits.
 12949 | Lair:4   | Reached XP level 15. HP: 116/116 MP: 13/24
 13029 | Lair:4   | Noticed Nessos
 13092 | Lair:4   | Killed Nessos
 13125 | Lair:4   | Noticed Nergalle
 13134 | Lair:4   | Killed Nergalle
 13225 | Lair:4   | Killed happinesssam's ghost
 13229 | Lair:4   | Rip bud
 13248 | Spider:1 | Entered Level 1 of the Spider Nest
 13315 | Spider:1 | Got a steaming cloak
 13326 | Spider:1 | Identified the +0 cloak of Hopscotch {rCorr Str+3 Int+4} (You acquired it on level 1 of the Spider Nest)
 13327 | Spider:1 | ty
 13353 | Spider:1 | Reached skill level 1 in Fighting
 13380 | Spider:1 | Received a gift from Okawaru
 13496 | Spider:2 | Noticed Frances
 13728 | Spider:1 | Got a crystal falchion
 13729 | Spider:1 | Identified the +9 falchion "Oteylih" {flame, Str+3 Dex+4} (You found it on level 1 of the Spider Nest)
 13785 | Spider:1 | Killed Frances
 14043 | Spider:2 | HP: 7/169 [wolf spider (5)]
 14322 | Spider:4 | Entered Level 4 of the Spider Nest
 14354 | Spider:4 | Reached XP level 16. HP: 140/140 MP: 25/25
 14367 | Spider:4 | Received a gift from Okawaru
 14372 | Spider:4 | Reached skill level 5 in Dodging
 14373 | Spider:4 | Was placed under penance by Okawaru
 14460 | Spider:4 | Ladykiller69: howd that wrasth come about
 14467 | Spider:4 | Ladykiller69: penace
 14470 | Spider:4 | Ladykiller69: whatever
 14477 | Spider:4 | Paralysed by a hornet for 1 turns
 14493 | Spider:4 | Found a frozen archway.
 14505 | IceCv    | Entered an ice cave
 14547 | IceCv    | 4thArraOfDagon: apparantly
 14547 | IceCv    | 4thArraOfDagon: oka cares about allies
 14547 | IceCv    | 4thArraOfDagon: which is strange
 14547 | IceCv    | 4thArraOfDagon: because he doesnt give you any powers to allies
 14547 | IceCv    | 4thArraOfDagon: so wtf
 14547 | IceCv    | pedritolo: he attacked enslaved ally
 14553 | IceCv    | Was forgiven by Okawaru
 14553 | IceCv    | Reached skill level 5 in Fighting
 14554 | IceCv    | durraq: why didn't you bring a couple of orbers with you?
 14569 | IceCv    | 4thArraOfDagon: wanted to
 14569 | IceCv    | 4thArraOfDagon: :(
 14640 | IceCv    | Ladykiller69: troll wielding a trident is the funniest thing ive seen in a while
 14703 | IceCv    | Noticed an Ice Fiend
 14709 | IceCv    | HP: 3/141 [harpy simulacrum (5)]
 14709 | IceCv    | Slain by a harpy simulacrum

Vault maps used:
D:1:      eino_arrival_cavern_c
D:2:      first_bread
D:3:      okawaru_trees_2
D:4:      lemuel_coloured_pillars_altar
D:5:      kennysheep_mini, led_sif_pool, uniq_pikel
D:6:      lemuel_doored_altar, basic_altar, minivault_23,
          minmay_misc_feat_more_columns
D:7:      serial_shops, nicolae_shop_stone, basic_altar
D:8:      kennysheep_kobold_camp, nicolae_overflow_hidden_temple, serial_shops,
          nicolae_shop_window_shopping, hangedman_pestilent_swarm, uniq_grum,
          uniq_maurice, uniq_prince_ribbit1
D:9:      erik_orc_3
D:10:     minmay_lair_entry_grove, serial_shops, kennysheep_mini_moat
D:11:     kennysheep_boxes, uniq_fannar, uniq_erolcha, uniq_sonja
D:13:     david_vaults_1, basic_altar, serial_shops, nicolae_shop_stone
D:14:     minmay_misc_feat_tiny, spider_trap, kennysheep_generic_room_7
D:15:     gammafunk_enter_depths_forms, minivault_4
Lair:1:   kennysheep_rathole, st_stairs_5
Lair:2:   grunt_megastairs_2
Lair:3:   nicolae_swamp_entry_splash_gauntlet, serial_bayou_shore_a,
          grunt_megastairs_5, lemuel_fruit_tree
Lair:4:   spider_nest_entry_a, special_room, minmay_stone_trees_medium,
          uniq_nessos, uniq_nergalle
Lair:5:   slime_altar_1, enter_volcano_3, lookout_lair_type
Lair:6:   grunt_lair_end_beastmaster
Spider:2: minivault_29, uniq_frances
Spider:4: spider_rune_water, portal_ice_cave_entry_ice_statue_one,
          guppyfry_wasp_nest
Orc:1:    basic_altar, special_room
Orc:2:    pf_orc_diabolical
IceCv:    ice_cave_caverns_03
Volcano:  volcano_pools

Skill      XL: |  1  2  3  4  5  6  7  8  9 10 11 12 13 14 15 16 |
---------------+-------------------------------------------------+-----
Unarmed Combat | 1 3 4 6 7 9 10 12 14 | 14.0
Invocations    | 3 5 7 8 |  8.5
Shields        | 7 10 11 | 11.6
Spellcasting   | 4 7 |  7.0
Transmutations | 4 7 8 |  8.1
Earth Magic    | 4 9 |  9.9
Fighting       | 4 5 |  5.0
Dodging        | 4 5 |  5.3
Stealth        | |  1.1
Conjurations   | |  0.6
Fire Magic     | |  2.1

Action                   |  1- 3 |  4- 6 |  7- 9 | 10-12 | 13-15 | 16-18 || total
-------------------------+-------+-------+-------+-------+-------+-------++-------
Melee: Unarmed           |   100 |   128 |   437 |   779 |  1782 |    63 ||  3289
       Punch             |       |     2 |     8 |    21 |       |       ||    31
       Headbutt          |       |       |       |       |    98 |     8 ||   106
Throw: Large rock        |       |       |       |       |    39 |    11 ||    50
       Throwing net      |       |       |       |       |     2 |       ||     2
 Cast: Flame Tongue      |     3 |     1 |       |       |       |       ||     4
       Statue Form       |       |       |       |       |    18 |     5 ||    23
       Repel Missiles    |       |       |       |       |     1 |       ||     1
Invok: Heroism           |       |       |     2 |    28 |    64 |     2 ||    96
       Finesse           |       |       |       |     2 |     5 |     1 ||     8
 Abil: End Transformatio |       |       |       |       |     1 |       ||     1
Evoke: Wand              |       |       |    13 |     9 |     9 |     6 ||    37
  Use: Scroll            |     3 |     2 |     3 |     8 |    29 |       ||    45
       Potion            |       |       |       |     3 |     8 |     1 ||    12
 Stab: Sleeping          |       |       |     1 |     2 |     3 |       ||     6
       Distracted        |       |       |       |       |     1 |       ||     1
       Paralysed         |       |       |       |       |       |     2 ||     2
  Eat: Chunk             |     4 |     9 |    24 |    37 |    70 |     3 ||   147
       Beef jerky        |     1 |       |     1 |       |     1 |       ||     3
       Fruit             |       |     4 |     6 |       |       |       ||    10
       Meat ration       |       |       |       |     1 |       |       ||     1
       Pizza             |       |       |       |       |     2 |       ||     2
Armor: Robe              |    41 |    29 |   146 |    45 |    18 |       ||   279
       Troll leather arm |       |       |       |    82 |   114 |       ||   196
       Skin              |       |       |       |       |   329 |    36 ||   365
Dodge: Dodged            |    50 |    51 |   234 |   204 |   464 |    16 ||  1019
       Deflected         |       |       |       |       |     6 |       ||     6
Block: Shield            |       |       |       |   238 |  1151 |    69 ||  1458
